PBL
MIAMI MARLINS @ SAN FRANCISCO GIANTS
07/30/2071
 
TOP OF THE 1ST
Miami Marlins batting - Pitching for San Francisco Giants : RHP Noriyuki Ine
Pitching: RHP Noriyuki Ine
Batting: LHB Ray Turner 0-0: Swinging Strike
0-1: SINGLE (Line Drive, 5D, EV 104.4 MPH)
Batting: LHB Javier Gonzáles 0-0: Foul Ball, location: 3F
0-1: Ball
Ray Turner steals 2nd base
1-1: Ball
2-1: Foul Ball, location: 23F
2-2: Foul Ball, location: 3F
2-2: Ball
3-2: Base on Balls
Batting: RHB Hidetsugu Fujii 0-0: Foul Ball, location: 9LMF
0-1: Foul Ball, location: 2F
0-2: Ball
1-2: Fielders Choice at 2nd, 6-4 (Groundball, 56, EV 112.5 MPH)
Ray Turner to third
Batting: RHB Michael Barnes 0-0: Fly out, F8 (Flyball, 8RXD, EV 100.0 MPH)
Runner from 3rd tags up, SCORES, no throw by CF
Batting: RHB Armando Gracía 0-0: Ball
1-0: Called Strike
1-1: Swinging Strike
1-2: Ball
2-2: Foul Ball, location: 5F
2-2: Strikes out swinging
Top of the 1st over - 1 run, 1 hit, 0 errors, 1 left on base; Miami 1 - San Francisco 0
BOTTOM OF THE 1ST
San Francisco Giants batting - Pitching for Miami Marlins : LHP Anthon Stam
Pitching: LHP Anthon Stam
Batting: RHB Jorge Luna 0-0: Foul Ball, location: 9LSF
0-1: Called Strike
0-2: Ball
1-2: Ball
2-2: SINGLE (Groundball, 6MS, EV 68.8 MPH) (infield hit)
Batting: LHB Emílio López 0-0: Called Strike
0-1: SINGLE (Groundball, 6, EV 83.1 MPH)
Jorge Luna to second
Batting: RHB Rafael Pérez 0-0: Ball
1-0: Foul Ball, location: 2F
1-1: Swinging Strike
1-2: Ball
Wild Pitch!
Jorge Luna to third
Emílio López to second
2-2: 3-RUN HOME RUN (Flyball, 7LD, EV 92.5 MPH), Distance : 332 ft
Batting: LHB Denis Gustafson 0-0: Called Strike
0-1: Ball
1-1: Foul Ball, location: 2F
1-2: Foul Ball, location: 7LMF
1-2: Ball
2-2: Ball
3-2: Base on Balls
Batting: RHB Juan Guzmán 0-0: Called Strike
0-1: Foul Ball, location: 3F
0-2: SINGLE (Line Drive, 9LS, EV 89.4 MPH)
Denis Gustafson to second
Batting: SHB Jesús Sosa 0-0: Foul Ball, location: 2F
0-1: Grounds into double play, 6-4-3 (Groundball, 6M, EV 103.8 MPH)
Denis Gustafson to third
Batting: LHB Donald Barnes 0-0: Ground out 4-3 (Groundball, 4, EV 89.4 MPH)
Bottom of the 1st over - 3 runs, 4 hits, 0 errors, 1 left on base; Miami 1 - San Francisco 3
TOP OF THE 2ND
Miami Marlins batting - Pitching for San Francisco Giants : RHP Noriyuki Ine
Batting: RHB David Massey 0-0: Ball
1-0: Foul Ball, location: 3F
1-1: Ball
2-1: Foul Ball, location: 2F
2-2: Foul Ball, location: 2F
2-2: Fly out, F6 (Line Drive, 6, EV 66.9 MPH)
Batting: LHB José Romero 0-0: Swinging Strike
0-1: Ball
1-1: Ball
2-1: Called Strike
2-2: Ground out 6-3 (Groundball, 56, EV 92.5 MPH)
Batting: RHB Chuck Ellis 0-0: Foul Ball, location: 25F
0-1: Foul Ball, location: 9LSF
0-2: Ball
1-2: Fly out, F4 (Popup, 34D, EV 66.9 MPH)
Top of the 2nd over - 0 runs, 0 hits, 0 errors, 0 left on base; Miami 1 - San Francisco 3
BOTTOM OF THE 2ND
San Francisco Giants batting - Pitching for Miami Marlins : LHP Anthon Stam
Batting: RHB Elmer Encarnación 0-0: Ball
1-0: Fly out, F8 (Flyball, 89D, EV 96.9 MPH)
Batting: RHB Alonso Marino 0-0: Ball
1-0: Ground out 5-3 (Groundball, 56, EV 90.6 MPH)
Batting: RHB Jorge Luna 0-0: Called Strike
0-1: Foul Ball, location: 7LSF
0-2: Foul Ball, location: 23F
0-2: Ball
1-2: Foul Ball, location: 2F
1-2: Foul Ball, location: 5FF
1-2: Ground out U3 (Groundball, 34, EV 109.4 MPH)
Bottom of the 2nd over - 0 runs, 0 hits, 0 errors, 0 left on base; Miami 1 - San Francisco 3
TOP OF THE 3RD
Miami Marlins batting - Pitching for San Francisco Giants : RHP Noriyuki Ine
Batting: RHB Mike Allen 0-0: SINGLE (Groundball, 4M, EV 112.5 MPH)
Batting: LHB Ray Turner 0-0: Ball
1-0: SINGLE (Line Drive, 3D, EV 98.1 MPH)
Mike Allen to second
Batting: LHB Javier Gonzáles 0-0: Swinging Strike
0-1: Ball
1-1: Fielders Choice at 2nd, 4-6 (Groundball, 4, EV 89.4 MPH)
Mike Allen to third
Batting: RHB Hidetsugu Fujii 0-0: Ball
1-0: Foul Ball, location: 7LMF
1-1: Called Strike
Javier Gonzáles steals 2nd base
1-2: SINGLE (Groundball, 34D, EV 100.6 MPH)
Mike Allen scores
Javier Gonzáles to third
Runner from 3rd tries for Home, SAFE, throw by RF to home
Batting: RHB Michael Barnes 0-0: Called Strike
0-1: Foul Ball, location: 9LSF
0-2: Strikes out swinging
Batting: RHB Armando Gracía 0-0: Ball
1-0: Swinging Strike
1-1: Called Strike
1-2: Foul Ball, location: 2F
1-2: Ball
2-2: Strikes out looking
Top of the 3rd over - 2 runs, 3 hits, 0 errors, 1 left on base; Miami 3 - San Francisco 3
BOTTOM OF THE 3RD
San Francisco Giants batting - Pitching for Miami Marlins : LHP Anthon Stam
Batting: LHB Emílio López 0-0: Called Strike
0-1: Ball
1-1: Foul Ball, location: 2F
1-2: Strikes out swinging
Batting: RHB Rafael Pérez 0-0: Ball
1-0: Swinging Strike
1-1: Swinging Strike
1-2: Ball
2-2: SOLO HOME RUN (Flyball, 7D, EV 98.8 MPH), Distance : 387 ft
Batting: LHB Denis Gustafson 0-0: Called Strike
0-1: Foul Ball, location: 23F
0-2: Strikes out swinging
Batting: RHB Juan Guzmán 0-0: Swinging Strike
0-1: Swinging Strike
0-2: Ball
1-2: Strikes out swinging
Bottom of the 3rd over - 1 run, 1 hit, 0 errors, 0 left on base; Miami 3 - San Francisco 4
TOP OF THE 4TH
Miami Marlins batting - Pitching for San Francisco Giants : RHP Noriyuki Ine
Batting: RHB David Massey 0-0: Foul Ball, location: 9LDF
0-1: Ball
1-1: Swinging Strike
1-2: Foul Ball, location: 5F
1-2: Strikes out looking
Batting: LHB José Romero 0-0: Ball
1-0: Ball
2-0: Swinging Strike
2-1: Swinging Strike
2-2: Ball
3-2: Foul Ball, location: 2F
3-2: SINGLE (Groundball, 4MD, EV 101.3 MPH)
Batting: RHB Chuck Ellis 0-0: Ball
1-0: Ball
2-0: Ball
3-0: Called Strike
3-1: Fly out, F9 (Flyball, 9LM, EV 95.6 MPH)
Batting: RHB Mike Allen 0-0: Ball
1-0: Fly out, F6 (Popup, 6M, EV 71.9 MPH)
Top of the 4th over - 0 runs, 1 hit, 0 errors, 1 left on base; Miami 3 - San Francisco 4
BOTTOM OF THE 4TH
San Francisco Giants batting - Pitching for Miami Marlins : LHP Anthon Stam
Batting: SHB Jesús Sosa 0-0: Bunt missed!
0-1: SINGLE (Groundball, 34D, EV 98.1 MPH)
Batting: LHB Donald Barnes 0-0: Ball
1-0: Ball
2-0: Foul Ball, location: 3F
2-1: Ball
3-1: Base on Balls
Jesús Sosa to second
Batting: RHB Elmer Encarnación 0-0: Fielders Choice at 2nd, 3-6 (Groundball, 3, EV 99.4 MPH)
Jesús Sosa to third
Batting: RHB Alonso Marino 0-0: Ball
1-0: Foul Ball, location: 2F
1-1: Foul Ball, location: 2F
1-2: Foul Ball, location: 2F
1-2: Ball
2-2: Strikes out swinging
Batting: RHB Jorge Luna 0-0: Ball
1-0: Ball
2-0: Fly out, F9 (Line Drive, 9, EV 88.1 MPH)
Bottom of the 4th over - 0 runs, 1 hit, 0 errors, 2 left on base; Miami 3 - San Francisco 4
TOP OF THE 5TH
Miami Marlins batting - Pitching for San Francisco Giants : RHP Noriyuki Ine
Batting: LHB Ray Turner 0-0: Called Strike
0-1: Ball
1-1: Fly out, F8 (Flyball, 8LXD, EV 108.8 MPH)
Batting: LHB Javier Gonzáles 0-0: Ball
1-0: Ball
2-0: Foul Ball, location: 7LSF
2-1: Ground out 4-3 (Groundball, 4, EV 80.6 MPH)
Batting: RHB Hidetsugu Fujii 0-0: Ball
1-0: Ball
2-0: Swinging Strike
2-1: Foul Ball, location: 9LMF
2-2: Strikes out swinging
Top of the 5th over - 0 runs, 0 hits, 0 errors, 0 left on base; Miami 3 - San Francisco 4
BOTTOM OF THE 5TH
San Francisco Giants batting - Pitching for Miami Marlins : LHP Anthon Stam
Batting: LHB Emílio López 0-0: Called Strike
0-1: Called Strike
0-2: SINGLE (Line Drive, 5L, EV 70.0 MPH) (infield hit)
Batting: RHB Rafael Pérez 0-0: Swinging Strike
0-1: Fly out, F9 (Flyball, 9D, EV 109.4 MPH)
Batting: LHB Denis Gustafson 0-0: Called Strike
0-1: Ball
1-1: Ball
2-1: Swinging Strike
2-2: Foul Ball, location: 2F
2-2: Ball
3-2: Fielders Choice at 2nd, 1-4 (Groundball, 15S, EV 63.1 MPH)
Batting: RHB Juan Guzmán 0-0: Swinging Strike
0-1: Ball
1-1: Fly out, F7 (Flyball, 7LSF, EV 97.5 MPH)
Bottom of the 5th over - 0 runs, 1 hit, 0 errors, 1 left on base; Miami 3 - San Francisco 4
TOP OF THE 6TH
Miami Marlins batting - Pitching for San Francisco Giants : RHP Noriyuki Ine
Batting: RHB Michael Barnes 0-0: Ball
1-0: Swinging Strike
1-1: Foul Ball, location: 9LDF
1-2: Ball
2-2: Ball
3-2: Strikes out swinging
Pitching: LHP Chris Carlton
Batting: RHB Armando Gracía 0-0: Ball
1-0: Called Strike
1-1: Fly out, F8 (Flyball, 8LS, EV 89.4 MPH)
Batting: RHB David Massey 0-0: Called Strike
0-1: Ball
1-1: Called Strike
1-2: Foul Ball, location: 2F
1-2: Ball
2-2: SINGLE (Line Drive, 9S, EV 105.0 MPH)
Batting: LHB José Romero 0-0: Called Strike
0-1: Foul Ball, location: 7LSF
0-2: Foul Ball, location: 25FF
0-2: Ball
1-2: Ground out 6-3 (Groundball, 6MS, EV 80.6 MPH)
Top of the 6th over - 0 runs, 1 hit, 0 errors, 1 left on base; Miami 3 - San Francisco 4
BOTTOM OF THE 6TH
San Francisco Giants batting - Pitching for Miami Marlins : LHP Anthon Stam
Batting: SHB Jesús Sosa 0-0: Called Strike
0-1: SINGLE (Line Drive, 89S, EV 108.1 MPH)
Batting: LHB Donald Barnes 0-0: Called Strike
0-1: Foul Ball, location: 2F
0-2: Foul Ball, location: 5FF
0-2: Ball
1-2: Ball
2-2: SINGLE (Line Drive, 89S, EV 105.6 MPH)
Jesús Sosa to second
Batting: RHB Elmer Encarnación 0-0: Ball
1-0: DOUBLE (Line Drive, 89M, EV 93.8 MPH)
Jesús Sosa scores
Donald Barnes to third
Pitching: RHP Victor Adams
Batting: RHB Alonso Marino 0-0: Swinging Strike
0-1: Ball
1-1: Ball
2-1: Ground out 6-3 (Groundball, 6, EV 83.1 MPH)
Batting: RHB Jorge Luna 0-0: Called Strike
0-1: Ball
1-1: Foul Ball, location: 5DF
1-2: Foul Ball, location: 7LDF
1-2: Foul Ball, location: 3DF
1-2: Ball
2-2: Ball
3-2: Base on Balls
Batting: LHB Emílio López 0-0: Fly out, F7 (Flyball, 7LS, EV 91.3 MPH)
Batting: RHB Rafael Pérez 0-0: Called Strike
0-1: Ball
1-1: Swinging Strike
1-2: Ball
2-2: SINGLE (Groundball, 6MD, EV 105.6 MPH)
Donald Barnes scores
Elmer Encarnación to third
Jorge Luna to second
Runner from 3rd tries for Home, SAFE, throw by CF to home
Batting: LHB Denis Gustafson 0-0: Called Strike
0-1: Foul Ball, location: 5FF
0-2: Fielders Choice at 2nd, 6-4 (Groundball, 6, EV 78.8 MPH)
Bottom of the 6th over - 3 runs, 4 hits, 0 errors, 2 left on base; Miami 3 - San Francisco 7
TOP OF THE 7TH
Miami Marlins batting - Pitching for San Francisco Giants : LHP Chris Carlton
Batting: RHB Chuck Ellis 0-0: Called Strike
0-1: Foul Ball, location: 2F
0-2: Ball
1-2: Strikes out swinging
Batting: RHB Mike Allen 0-0: Ball
1-0: SINGLE (Line Drive, 7S, EV 109.4 MPH)
Batting: LHB Ray Turner 0-0: Ball
1-0: Foul Ball, location: 9LSF
1-1: Ball
2-1: Swinging Strike
2-2: Strikes out swinging
Pitching: RHP Joe Sheehan
Batting: LHB Javier Gonzáles 0-0: Ball
1-0: Called Strike
1-1: Ball
2-1: Fly out, F8 (Flyball, 8LM, EV 96.3 MPH)
Top of the 7th over - 0 runs, 1 hit, 0 errors, 1 left on base; Miami 3 - San Francisco 7
BOTTOM OF THE 7TH
San Francisco Giants batting - Pitching for Miami Marlins : RHP Victor Adams
Batting: RHB Juan Guzmán 0-0: Ball
1-0: Swinging Strike
1-1: Foul Ball, location: 9LMF
1-2: Ball
2-2: Strikes out swinging
Batting: SHB Jesús Sosa 0-0: Foul Ball, location: 2F
0-1: Ball
1-1: SOLO HOME RUN (Flyball, 89XD, EV 108.1 MPH), Distance : 422 ft
Batting: LHB Donald Barnes 0-0: Ball
1-0: Foul Ball, location: 5F
1-1: Foul Ball, location: 3DF
1-2: Ball
2-2: Ground out 1-3 (Groundball, 13S, EV 66.9 MPH)
Batting: RHB Elmer Encarnación 0-0: Ball
1-0: Called Strike
1-1: Called Strike
1-2: Ground out 5-3 (Groundball, 5L, EV 92.5 MPH)
Bottom of the 7th over - 1 run, 1 hit, 0 errors, 0 left on base; Miami 3 - San Francisco 8
TOP OF THE 8TH
Miami Marlins batting - Pitching for San Francisco Giants : RHP Joe Sheehan
Batting: RHB Hidetsugu Fujii 0-0: Fly out, F6 (Popup, P, EV 87.5 MPH)
Batting: RHB Michael Barnes 0-0: Ball
1-0: Called Strike
1-1: Fly out, F8 (Flyball, 89D, EV 88.1 MPH)
Batting: RHB Armando Gracía 0-0: SINGLE (Groundball, 4D, EV 106.9 MPH)
Batting: RHB David Massey 0-0: Ball
1-0: Fielders Choice at 2nd, 5-4 (Groundball, 56, EV 101.9 MPH)
Top of the 8th over - 0 runs, 1 hit, 0 errors, 1 left on base; Miami 3 - San Francisco 8
BOTTOM OF THE 8TH
San Francisco Giants batting - Pitching for Miami Marlins : RHP Victor Adams
Pitching: LHP Jesús Torrez
Batting: RHB Alonso Marino 0-0: Called Strike
0-1: Called Strike
0-2: Ball
1-2: Ball
2-2: Foul Ball, location: 2F
2-2: Foul Ball, location: 5F
2-2: Strikes out swinging
Batting: RHB Jorge Luna 0-0: Ball
1-0: Fly out, F8 (Line Drive, 8RD, EV 85.0 MPH)
Batting: LHB Emílio López 0-0: Ball
1-0: Called Strike
1-1: Ground out 6-3 (Groundball, 6, EV 103.8 MPH)
Bottom of the 8th over - 0 runs, 0 hits, 0 errors, 0 left on base; Miami 3 - San Francisco 8
TOP OF THE 9TH
Miami Marlins batting - Pitching for San Francisco Giants : RHP Joe Sheehan
Batting: LHB José Romero 0-0: Foul Ball, location: 23F
0-1: Ball
1-1: Foul Ball, location: 2F
1-2: Ball
2-2: Ball
3-2: Foul Ball, location: 2F
3-2: Base on Balls
Batting: RHB Chuck Ellis 0-0: Called Strike
0-1: Foul Ball, location: 2F
0-2: Strikes out looking
Pinch Hitting: SHB Steve Howard 0-0: Ball
1-0: Ball
2-0: Foul Ball, location: 3FF
2-1: Foul Ball, location: 2F
2-2: SINGLE (Groundball, 34D, EV 95.0 MPH)
José Romero to second
Pitching: RHP Jorge Segura
Batting: LHB Ray Turner 0-0: Called Strike
0-1: Ball
1-1: Foul Ball, location: 5DF
1-2: Reached on error, E6 (Groundball, 6, EV 100.6 MPH)
José Romero to third
Steve Howard to second
Batting: LHB Javier Gonzáles 0-0: Ball
1-0: Foul Ball, location: 2F
1-1: Foul Ball, location: 23FF
1-2: Ball
2-2: Fly out, F7 (Line Drive, 78M, EV 105.0 MPH)
Runner from 3rd tags up, SCORES, no throw by LF
Pitching: RHP Juan Carlos Muñóz
Batting: RHB Hidetsugu Fujii 0-0: Called Strike
0-1: Called Strike
0-2: Strikes out looking
Top of the 9th over - 1 run, 1 hit, 1 error, 2 left on base; Miami 4 - San Francisco 8
Thursday, May 2nd , 2024 - OOTP Baseball 24.10 Build 82